 Dungeon Crawl Stone Soup version 0.21.1-1-g345015f (webtiles) character file.

3036 teukkam the Grappler (level 9, 0/97 HPs)
             Began as a Troll Monk on June 25, 2018.
             Was an Elder of the Shining One.
             Slain by a brown ugly thing (6 damage)
             ... on level 10 of the Dungeon.
             The game lasted 00:19:46 (3612 turns).

teukkam the Grappler (Troll Monk)                   Turns: 3612, Time: 00:19:46

Health: 0/97       AC: -4    Str: 26    XL:     9   Next: 56%
Magic:  7/7        EV: 10    Int:  6    God:    the Shining One [****..]
Gold:   322        SH:  0    Dex: 12    Spells: 8/8 levels left

rFire    . . .     SeeInvis .     - Unarmed
rCold    . . .     Gourm    +   (no shield)
rNeg     + + .     Faith    .   a - +0 robe
rPois    .         Spirit   .   q - +1 hat
rElec    .         Reflect  .   k - +1 cloak
rCorr    .         Harm     .   (gloves unavailable)
MR       .....                  (boots unavailable)
Stlth    +.........             (no amulet)
HPRegen  0.66/turn              (no ring)
MPRegen  0.10/turn              (no ring)

@: corroded, glowing
A: large, unfitting armour, claws 3, fast metabolism 3, gourmand, low mp 1,
regeneration 1, robust 1, shaggy fur 1, strong 1, tough skin 2
a: Divine Shield, Cleansing Flame, Renounce Religion


You were on level 10 of the Dungeon.
You worshipped the Shining One.
The Shining One was greatly pleased with you.
You were hungry.

You visited 1 branch of the dungeon, and saw 11 of its levels.
You also visited: Sewer.

You collected 322 gold pieces.

Inventory:

Hand Weapons
 b - a +2 hunting sling of freezing
Missiles
 o - 24 sling bullets
 v - 14 javelins (quivered)
 w - 10 tomahawks
Armour
 a - a +0 robe (worn)
 k - a +1 cloak (worn)
 q - a +1 hat (worn)
Wands
 d - a wand of iceblast (14)
 y - a wand of polymorph (13)
Scrolls
 c - a scroll of teleportation
 h - 2 scrolls of enchant weapon
 i - 3 scrolls of remove curse
 l - 8 scrolls of identify
 m - 2 scrolls of noise {unknown}
 n - a scroll of enchant armour {unknown}
 s - a scroll of immolation {unknown}
 t - 2 scrolls of blinking {unknown}
Potions
 e - a potion of haste
 g - a potion of ambrosia {unknown}
 j - a potion of magic {unknown}
 p - 2 potions of might {unknown}
 r - a potion of agility {unknown}
 u - a potion of brilliance {unknown}
 x - 2 potions of curing {unknown}
 z - 2 potions of flight {unknown}
Comestibles
 f - 16 rations


   Skills:
 - Level 6.0 Fighting
 + Level 2.6(3.5) Slings
 - Level 4.6(5.2) Throwing
 - Level 2.4 Dodging
 - Level 1.0 Stealth
 + Level 9.9 Unarmed Combat


You had 8 spell levels left.
You didn't know any spells.

Dungeon Overview and Level Annotations

Branches:
Dungeon (11/15)
 Temple: D:4-7         Lair: D:8-11         Orc: D:9-12

Altars:
Cheibriados
Dithmenos
Hepliaklqana
Nemelex Xobeh
Okawaru
Trog
Uskayaw
Vehumet
Yredelemnul
The Shining One

Shops:
D:7 *   D:8 =

Annotations:
D:4 Dowan, Duvessa


Innate Abilities, Weirdness & Mutations

You are too large for most types of armour.
You have claws for hands.
Your metabolism is lightning-fast.
You like to eat raw meat.
Your natural rate of healing is unusually fast.
You are covered in fur. (AC +1)
You have very tough skin. (AC +2)
Your magical capacity is low. (-10% MP)
You are robust. (+10% HP)
Your muscles are strong. (Str +2)


Message History

The brown ugly thing bites you!
* * * LOW HITPOINT WARNING * * *
You are splashed with acid!
The acid burns!
* * * LOW HITPOINT WARNING * * *
You feel much better. The brown ugly thing bites you!
* * * LOW HITPOINT WARNING * * *
The acid corrodes you!
You are splashed with acid!
The acid burns!
* * * LOW HITPOINT WARNING * * *
You claw the brown ugly thing!
The brown ugly thing is severely wounded.
The brown ugly thing bites you!
* * * LOW HITPOINT WARNING * * *
The acid corrodes you!
You are splashed with acid!
The acid burns!
The Shining One protects you from harm!
You scratch the brown ugly thing but do no damage.
The brown ugly thing is severely wounded.
You scratch the brown ugly thing.
The brown ugly thing is almost dead.
The brown ugly thing bites you.
You die...

#....# #....# #.....
#..... #....)
######+############'###.
......................#+
......u...............#.
.......@..............#.
......................#.
......................'.
......................#.
...############+#.....#.
.. #.....#. # #.....#.
#.....+. ###########
#.....#.


You could see a brown ugly thing.

Vanquished Creatures
  Joseph (D:8)
  3 yaks (D:10)
  A necrophage (D:9)
  2 orc warriors
  2 phantoms
  A sky beast (D:8)
  An eye of draining (D:8)
  3 ice beasts
  An ogre (D:6)
  A centaur (D:5)
  3 bullfrogs
  2 big kobolds
  A wyvern skeleton (D:10)
  A killer bee (D:8)
  2 howler monkeys
  A bullfrog zombie (D:5)
  2 crimson imps (D:5)
  A centaur zombie (D:10)
  3 hounds
  2 jellies
  A gnoll shaman (D:8)
  2 iguanas
  An orc wizard (D:10)
  A worker ant (D:8)
  A hound zombie (D:10)
  A hound skeleton (D:6)
  A worker ant zombie (D:8)
  3 gnolls (D:8)
  12 adders
  A river rat (Sewer)
  2 oozes
  An adder skeleton (D:6)
  An adder zombie (D:10)
  A worm (D:2)
  4 dart slugs
  9 leopard geckos
  10 orcs
  7 bats
  5 giant cockroaches
  8 goblins
  2 jackals
  15 kobolds
  2 quokkas
  4 frilled lizards
  A jackal zombie (D:5)
  A leopard gecko skeleton (D:5)
  A quokka skeleton (D:6)
  9 rats
141 creatures vanquished.

Notes
Turn   | Place    | Note
-------+----------+-------------------------------------------
     0 | D:1      | teukkam the Troll Monk began the quest for the Orb.
     0 | D:1      | Reached XP level 1. HP: 22/22 MP: 0/0
    33 | D:1      | Reached XP level 2. HP: 25/29 MP: 1/1
   356 | D:2      | Reached XP level 3. HP: 37/37 MP: 2/2
   558 | D:2      | Found a basalt altar of Yredelemnul.
   617 | D:2      | Reached skill level 4 in Unarmed Combat
   621 | D:2      | Found a shadowy altar of Dithmenos.
   659 | D:2      | Found a radiant altar of Vehumet.
   681 | D:2      | Reached XP level 4. HP: 33/45 MP: 3/3
  1197 | D:2      | Found a snail-covered altar of Cheibriados.
  1198 | D:2      | Found a bloodstained altar of Trog.
  1304 | D:3      | Found a faded altar of an unknown god.
  1336 | D:3      | Became a worshipper of the Shining One
  1336 | D:3      | Reached * piety under the Shining One
  1336 | D:3      | Reached ** piety under the Shining One
  1382 | D:3      | Reached XP level 5. HP: 54/54 MP: 4/4
  1543 | D:4      | Noticed Dowan
  1544 | D:4      | Noticed Duvessa
  1546 | D:5      | Entered Level 5 of the Dungeon
  1575 | D:5      | Reached skill level 5 in Unarmed Combat
  1613 | D:5      | Reached *** piety under the Shining One
  1682 | D:5      | Noticed a centaur
  1683 | D:5      | Found an iron altar of Okawaru.
  1689 | D:5      | Killed a centaur
  1689 | D:5      | Reached XP level 6. HP: 19/63 MP: 5/5
  1791 | D:5      | Found a glowing drain.
  1809 | Sewer    | Entered a sewer
  1883 | Sewer    | Reached skill level 5 in Fighting
  1883 | Sewer    | Reached skill level 6 in Unarmed Combat
  1883 | Sewer    | Reached XP level 7. HP: 72/72 MP: 6/6
  1913 | Sewer    | Found a white marble altar of Elyvilon.
  2008 | D:6      | Found a hide-covered altar of Uskayaw.
  2067 | D:6      | Reached skill level 7 in Unarmed Combat
  2076 | D:6      | Reached XP level 8. HP: 63/83 MP: 7/7
  2214 | D:7      | Reached skill level 1 in Throwing
  2315 | D:7      | Found Becomoy's Assorted Antiques.
  2451 | D:8      | Found a sparkling altar of Nemelex Xobeh.
  2483 | D:8      | Reached **** piety under the Shining One
  2506 | D:8      | Reached skill level 8 in Unarmed Combat
  2753 | D:8      | Found a hazy altar of Hepliaklqana.
  2870 | D:8      | Noticed Joseph
  2880 | D:8      | Gained mutation: Your muscles are strong. (Str +2) [potion of mutation]
  2880 | D:8      | Gained mutation: Armour fits poorly on your strangely shaped body. [potion of mutation]
  2880 | D:8      | Gained mutation: You are clumsy. (Dex -2) [potion of mutation]
  2880 | D:8      | Gained mutation: Your flesh is heat resistant. (rF+) [potion of mutation]
  2883 | D:8      | Killed Joseph
  2883 | D:8      | Reached XP level 9. HP: 28/89 MP: 8/8
  2887 | D:8      | Reached skill level 9 in Unarmed Combat
  2888 | D:8      | Lost mutation: You are clumsy. (Dex -2) [potion of mutation]
  2888 | D:8      | Lost mutation: Armour fits poorly on your strangely shaped body. [potion of mutation]
  2888 | D:8      | Lost mutation: Your flesh is heat resistant. (rF+) [potion of mutation]
  2888 | D:8      | Gained mutation: Your magical capacity is low. (-10% MP) [potion of mutation]
  2888 | D:8      | Gained mutation: You are robust. (+10% HP) [potion of mutation]
  2988 | D:8      | Found Demmeon's Jewellery Emporium.
  3052 | D:9      | Reached skill level 1 in Slings
  3089 | D:9      | Noticed a two-headed ogre
  3106 | D:10     | Entered Level 10 of the Dungeon
  3118 | D:11     | Noticed a troll
  3216 | D:10     | Noticed Maurice
  3225 | D:10     | Noticed Maurice
  3225 | D:10     | Maurice changed into Maurice the ice beast
  3229 | D:10     | Killed Maurice the ice beast
  3600 | D:11     | Noticed a brown ugly thing
  3610 | D:10     | The Shining One protects you from harm!
  3612 | D:10     | Slain by a brown ugly thing

Skill      XL: |  1  2  3  4  5  6  7  8  9 |
---------------+----------------------------+-----
Fighting       | 3 4 5 6 |  6.0
Unarmed Combat | 4 5 6 7 8 9 |  9.9
Throwing       | 4 |  4.6
Slings         | 2 |  2.6
Dodging        | |  2.4
Stealth        | |  1.0

Action                   |  1- 3 |  4- 6 |  7- 9 || total
-------------------------+-------+-------+-------++-------
Melee: Unarmed           |    73 |   108 |   157 ||   338
       Punch             |     1 |     1 |     4 ||     6
 Fire: Hunting sling     |       |       |    16 ||    16
Throw: Javelin           |       |       |    32 ||    32
Evoke: Wand              |       |       |     3 ||     3
  Use: Scroll            |       |     6 |     1 ||     7
       Potion            |       |       |     5 ||     5
 Stab: Sleeping          |     1 |     1 |       ||     2
  Eat: Chunk             |    12 |    11 |     7 ||    30
Armor: Robe              |    24 |    44 |    60 ||   128
Dodge: Dodged            |    27 |    69 |    59 ||   155
